 Dungeon Crawl Stone Soup version 0.25-a0-785-gb22c70e859 (webtiles) character file.

Game seed: 4948505164653079053, levelgen mode: deterministic

12 tilp the Bolt Thrower (level 2, 0/16 HPs)
             Began as a Kobold Arcane Marksman on Apr 17, 2020.
             Slain by a bat (1 damage)
             ... on level 1 of the Dungeon.
             The game lasted 00:01:38 (233 turns).

tilp the Bolt Thrower (Kobold Arcane Marksman)       Turns: 233, Time: 00:01:39

Health: 0/16       AC:  2    Str:  7    XL:     2   Next: 45%
Magic:  3/3        EV: 15    Int: 14    God:
Gold:   0          SH:  0    Dex: 15    Spells: 2/3 levels left

rFire    . . .     SeeInvis .   b - +0 dagger
rCold    . . .     Gourm    .   (shield restricted)
rNeg     . . .     Faith    .   e - +0 robe
rPois    .         Spirit   .   (no helmet)
rElec    .         Reflect  .   (no cloak)
rCorr    .         Harm     .   (no gloves)
MR       .....                  (no boots)
Stlth    +.........             (no amulet)
HPRegen  0.05/turn              (no ring)
MPRegen  0.08/turn              (no ring)

@: no status effects
A: small, carnivore
a: no special abilities


You were on level 1 of the Dungeon.
You were not hungry.

You visited 1 branch of the dungeon, and saw 1 of its levels.

Inventory:

Hand Weapons
 a - a +0 hand crossbow
 b - a +0 dagger (weapon)
Missiles
 d - 13 bolts
Armour
 e - a +0 robe (worn)
Scrolls
 f - a scroll of random uselessness {unknown}
Comestibles
 c - 2 rations


   Skills:
 - Level 1.1 Fighting
 + Level 3.6 Crossbows
 - Level 2.4 Dodging
 - Level 1.1 Spellcasting
 - Level 3.0 Hexes


You had 2 spell levels left.
You knew the following spells:

 Your Spells              Type           Power        Failure   Level  Hunger
a - Corona                Hex            #......      8%          1    ##.....

Your spell library contained the following spells:

 Spells                   Type           Power        Failure   Level  Hunger
 Slow                     Hex            #.......     12%         2    ###....
 Inner Flame              Hex/Fire       #.......     38%         3    ####...
 Portal Projectile        Hex/Tloc       #.....       38%         3    ####...
 Cause Fear               Hex            #.........   58%         4    #####..
 Leda's Liquefaction      Hex/Erth       #.........   80%         4    #####..


Dungeon Overview and Level Annotations

Branches:
Dungeon (1/15)

Altars:


Innate Abilities, Weirdness & Mutations

You are small and have problems with some larger weapons.
You are carnivorous and can eat meat at any time.


Message History

You see here a kobold corpse.
Things that are here:
a frilled lizard corpse; a rat corpse You see here a bolt.
You see here a +0 club.
You see here a kobold corpse.
The hobgoblin hits you with a +0 club.
* * * LOW HITPOINT WARNING * * *
Things that are here:
a frilled lizard corpse; a rat corpse You see here a bolt.
You see here a +0 club.
You see here a kobold corpse.
Things that are here:
a frilled lizard corpse; a rat corpse The bat barely misses you.
The bat hits you.
* * * LOW HITPOINT WARNING * * *
You see here a bolt.
The bat hits you.
You die...

..##...)...........
K.>.....$..........
....#......(≈≈≈.≈≈≈≈≈.≈≈≈≈
#..>.........≈.≈...≈.≈...≈
#.......#..≈≈≈.≈≈≈.≈≈≈.≈≈≈
#..........≈.....≈.....≈..
#....#..g..≈.≈≈≈.≈.≈≈≈.≈≈≈
#.......#(.≈.≈.≈.≈.≈.≈...≈
...%...###g#@b≈≈≈.≈≈≈.≈.≈≈≈≈≈ .
##### #.#).........≈...... ###.
#.#..≈≈≈.≈≈≈.≈.≈≈≈≈≈ #[..
#######†#..≈.≈.≈.≈.≈.≈..<≈ ##..#
##.......#†.≈.≈≈≈.≈.≈≈≈.≈≈≈
#...###...........≈.....≈.....≈..
.....#........).#.≈≈≈.≈≈≈.≈≈≈.≈≈≈
...÷................≈.≈...≈.≈...≈
..................≈≈≈.≈≈≈≈≈.≈≈≈≈≈


You could see a hobgoblin and a bat.

Vanquished Creatures
  3 bats (D:1)
  A hobgoblin (D:1)
  A frilled lizard (D:1)
  3 goblins (D:1)
  3 kobolds (D:1)
  A rat (D:1)
12 creatures vanquished.

Notes
Turn   | Place    | Note
-------+----------+-------------------------------------------
     0 | D:1      | tilp the Kobold Arcane Marksman began the quest for the
                  | Orb.
     0 | D:1      | Reached XP level 1. HP: 12/12 MP: 2/2
    39 | D:1      | Reached XP level 2. HP: 15/16 MP: 1/3
   233 | D:1      | Slain by a bat

Levels and vault maps discovered:
D:1:      evilmike_arrival_hilbert_curve, layout_rooms

Skill      XL: |  1 |
---------------+----+-----
Crossbows      | 3 |  3.6
Fighting       | |  1.1
Dodging        | |  2.4
Spellcasting   | |  1.1
Hexes          | |  3.0

Action                   || total
-------------------------++-------
Melee: Dagger            ||    28
 Fire: Hand crossbow     ||    17
 Cast: Corona            ||     4
  Eat: Chunk             ||     1
Armor: Robe              ||     5
Dodge: Dodged            ||    30

Table legend:
 A = Non-vault XP
 B = Vault XP
 C = Vault XP percentage of total XP
 D = Non-vault monster count
 E = Vault monster count
 F = Vault count percentage of total count
                 A         B        C        D         E       F
            +---------+---------+-------+---------+---------+-------
      Total |      18 |       0 |   0.0 |      12 |       0 |   0.0
            +---------+---------+-------+---------+---------+-------
        D:1 |      18 |       0 |   0.0 |      12 |       0 |   0.0
            +---------+---------+-------+---------+---------+-------
